 Dungeon Crawl Stone Soup version 0.31-a0-833-gc15d34cb79 (console) character file.

Game seed: 16344063613079181773

1578 petzl the Thaumaturge (level 9, 0/64 HPs)
             Began as a Formicid Delver on Sept 25, 2023.
             Slain by a wyvern zombie (8 damage)
             ... on level 6 of the Dungeon.
             The game lasted 00:19:12 (6015 turns).

petzl the Thaumaturge (Formicid Delver)             Turns: 6015, Time: 00:19:13

Health: 0/64       AC: 12    Str: 17    XL:     9   Next: 14%
Magic:  21/21      EV: 10    Int: 14    God:
Gold:   232        SH:  0    Dex: 15    Spells: 25/25 levels left

rFire   . . .        a - +2 short sword (drain)
rCold   + . .        (no shield)
rNeg    . . .        p - +0 scale mail
rPois   .            (helmet unavailable)
rElec   .            n - +1 cloak
rCorr   .            (no gloves)
SInv    +            (no boots)
Will    .....        (no amulet)
Stlth   ++           w - ring of protection from cold
HPRegen 0.30/turn    E - +4 ring of protection
MPRegen 0.17/turn

%: no passive effects
@: no status effects
A: permanent stasis, dig shafts and tunnels, antennae 3, four strong arms
a: Dig, Shaft Self


You were on level 6 of the Dungeon.
You visited 1 branch of the dungeon, and saw 9 of its levels.

You collected 232 gold pieces.

Inventory:

Hand Weapons
 a - a +2 short sword of draining (weapon)
 b - a +0 orcbow
 c - a +0 shortbow
 y - a +2 dagger of flaming {!f =f}
Missiles
 o - 15 poisoned darts (quivered)
 C - 2 atropa-tipped darts
Armour
 n - a +1 cloak (worn)
 p - a +0 scale mail (worn)
 t - the +4 leather armour of Qazlal, Gazing {Harm Str+2}
   (You took it off a goblin on level 2 of the Dungeon)

   Str+2:     It affects your strength (+2).
   Harm:      It increases damage dealt and taken.
Jewellery
 w - a ring of protection from cold (left hand)
 E - a +4 ring of protection (right hand)
Wands
 f - a wand of digging (3)
 u - a wand of roots (6)
 x - a wand of flame (21)
 B - a wand of mindburst (14)
Scrolls
 d - 2 scrolls of revelation
 e - a scroll of torment
 g - a scroll of noise
 h - a scroll of immolation
 j - 4 scrolls of identify
 m - a scroll of fog
 r - a scroll of enchant armour
Potions
 i - a potion of lignification {unknown}
 k - a potion of attraction {unknown}
 l - 2 potions of heal wounds
 q - a potion of haste {unknown}
 s - 2 potions of brilliance {unknown}
 v - 2 potions of ambrosia {unknown}
 z - a potion of might {unknown}
 A - a potion of cancellation {unknown}
 D - 2 potions of curing {unknown}


   Skills:
 - Level 3.4 Fighting
 - Level 2.1 Maces & Flails
 - Level 5.0 Ranged Weapons
 - Level 1.9 Dodging
 - Level 6.1 Stealth
 + Level 8.9 Spellcasting
 - Level 3.0 Evocations


You had 25 spell levels left.
You didn't know any spells.
Your spell library contained the following spells:

 Spells                   Type           Power      Damage    Failure   Level
 Apportation              Tloc           12%        N/A       41%         1
 Necrotise                Necr           24%        1d5       41%         1
 Summon Small Mammal      Summ           24%        N/A       41%         1
 Call Canine Familiar     Summ           6%         N/A       78%         3
 Dazzling Flash           Conj/Hex       12%        N/A       78%         3
 Sigil of Binding         Hex            6%         N/A       78%         3
 Dimensional Bullseye     Hex/Tloc       3%         N/A       99%         4
 Leda's Liquefaction      Hex/Erth       3%         N/A       99%         4
 Agony                    Necr           6%         N/A       100%        5
 Silence                  Hex/Air        3%         N/A       100%        5


Dungeon Overview and Level Annotations

Branches:
Dungeon (9/15)
 Temple: D:4-7         Lair: D:8-11         Orc: D:9-12

Altars:
Okawaru
Uskayaw

Annotations:
D:4 1 runed translucent door
D:5 exclusions: downstairs and ogre
D:7 exclusion: killer bee


Innate Abilities, Weirdness & Mutations

You cannot be hasted, slowed, berserked, paralysed or teleported.
You can dig through walls and to a lower floor.
You have a pair of large antennae on your head. (SInv)
Your four strong arms can wield two-handed weapons with a shield.


Message History

You hit the wyvern zombie.
The wyvern zombie is severely damaged.
The wyvern zombie bites you but does no damage.
You completely miss the wyvern zombie.
The wyvern zombie is severely damaged.
The wyvern zombie bites you but does no damage. x2
You barely miss the wyvern zombie.
The wyvern zombie is severely damaged.
The wyvern zombie barely misses you.
You barely miss the wyvern zombie.
The wyvern zombie is severely damaged.
The wyvern zombie bites you.
You hit the wyvern zombie.
The wyvern zombie is severely damaged.
The wyvern zombie bites you but does no damage.
You barely miss the wyvern zombie.
The wyvern zombie is severely damaged.
The wyvern zombie bites you but does no damage.
The wyvern zombie closely misses you.
You hit the wyvern zombie.
The wyvern zombie is severely damaged.
The wyvern zombie barely misses you.
You hit the wyvern zombie but do no damage.
The wyvern zombie is severely damaged.
The wyvern zombie bites you!
You hit the wyvern zombie.
The wyvern zombie is almost destroyed.
The wyvern zombie bites you but does no damage.
The wyvern zombie bites you.
You barely miss the wyvern zombie.
The wyvern zombie is almost destroyed.
The wyvern zombie bites you.
* * * LOW HITPOINT WARNING * * *
You hit the wyvern zombie.
The wyvern zombie is almost destroyed.
The wyvern zombie bites you!
* * * LOW HITPOINT WARNING * * *
Are you sure you want to shaft yourself?
The wyvern zombie barely misses you. The wyvern zombie bites you!
You die...

########### ### ##.........#
##.## ####......†...#####
##...#######...P.........#...##
#.........##..~~~.............#
####...####.#..~~~..............#
#......{# #...~≈~~~~............#
#..##.#.# ####.~~~~........#...##
#..##.#.# #....[........##.##
#..##.#.# ####..........##.#
#..#..#.# #.###########.#
#..#.##.# #.# #.# #..#.##.# ##'##
#.# #.......# ##...## #.#
##......# ##.....## ###.#
###.##.## ##.......## ##.#.#
#.#...####.........####....####
#........'.@.......'...........
#.#...####.Z.......###........#
#.##.## ##.......## #.#.#.##.#
#.#### ##.....## #.###.##.# #.#
##...## #.# #.##.# #.#########
#..... #.# ..##.# #.#.......#
##..... #.# .###.# #.#.#####.#
...8.. #.##. #.# #.#.# #.#
#......# #.#.#####.###......
#.#.##...........
#.#.##.##.###...# ###.#.##.##.#
## #...........# ##.###########
####..## #P.....# #.~.~..##
##.~~~~..#######


You could see a wyvern zombie.

Vanquished Creatures
  Grinder (D:3)
  A water moccasin (D:6)
  A centaur (D:5)
  3 phantoms
  2 scorpions (D:5)
  A water moccasin zombie (D:6)
  A killer bee (D:6)
  3 bullfrog zombies (D:6)
  A centaur zombie (D:6)
  2 jellies
  2 hounds
  2 bullfrog skeletons (D:6)
  A centaur skeleton (D:6)
  6 orc wizards
  2 killer bee zombies (D:6)
  3 gnolls (D:5)
  4 adders
  2 shadow imps (D:7)
  A white imp (D:8)
  4 ufetubi
  3 worms
  5 dart slugs
  14 orcs
  6 ball pythons
  5 endoplasms
  3 giant cockroaches (D:1)
  8 goblins
  8 hobgoblins
  4 jackals (D:4)
  5 kobolds
  3 quokkas
  3 bats
  2 frilled lizards
  8 rats
120 creatures vanquished.

Notes
Turn   | Place    | Note
-------+----------+-------------------------------------------
     0 | D:5      | petzl the Formicid Delver began the quest for the Orb.
     0 | D:5      | Reached XP level 1. HP: 18/18 MP: 1/1
    58 | D:6      | Noticed an ogre
    97 | D:4      | Noticed a phantom
   111 | D:3      | Reached XP level 2. HP: 14/24 MP: 2/2
   209 | D:2      | Reached skill level 1 in Spellcasting
   273 | D:2      | Reached XP level 3. HP: 29/29 MP: 3/5
   398 | D:1      | Reached skill level 2 in Spellcasting
   758 | D:1      | Reached XP level 4. HP: 35/35 MP: 7/7
  1221 | D:2      | Reached skill level 1 in Ranged Weapons
  1478 | D:2      | Identified the +4 leather armour of Qazlal, Gazing {Harm
                  | Str+2}
  2165 | D:3      | Noticed Grinder
  2178 | D:3      | You fall into a shaft and drop 1 floor!
  2329 | D:4      | Reached skill level 3 in Spellcasting
  2417 | D:4      | Reached XP level 5. HP: 41/41 MP: 9/9
  2547 | D:3      | Killed Grinder
  2548 | D:3      | Reached skill level 4 in Spellcasting
  2548 | D:3      | Reached XP level 6. HP: 41/47 MP: 10/12
  2562 | D:3      | Reached XP level 7. HP: 40/52 MP: 11/13
  3283 | D:4      | Found an iron altar of Okawaru.
  3283 | D:4      | Found a runed translucent door.
  3307 | D:4      | Found the +0 toga "Victory" {*Victory Clar}
  3461 | D:4      | Reached skill level 5 in Spellcasting
  3903 | D:5      | Reached XP level 8. HP: 13/58 MP: 14/16
  4280 | D:5      | Reached skill level 5 in Ranged Weapons
  4293 | D:5      | Reached skill level 6 in Spellcasting
  4307 | D:5      | You fall into a shaft and drop 2 floors!
  4507 | D:6      | You fall into a shaft and drop 2 floors!
  4831 | D:6      | Reached skill level 7 in Spellcasting
  5540 | D:7      | Found a hide-covered altar of Uskayaw.
  5665 | D:6      | Reached skill level 8 in Spellcasting
  5665 | D:6      | Reached XP level 9. HP: 51/64 MP: 19/21
  6015 | D:6      | Slain by a wyvern zombie

Illustrated notes

Levels and vault maps discovered:
D:1:      lightli_arrival_farm, layout_rooms
D:2:      layout_loops_corners
D:3:      layout_basic, minmay_goblin_kobold_house, uniq_grinder
D:4:      layout_gridville, nicolae_overflow_guarded_unrand_okawaru_victory
D:5:      layout_basic
D:6:      layout_loops_corners, overflow_temple_1_default, serial_undead,
          serial_undead_f, serial_undead_e, serial_undead_d, serial_undead_f,
          serial_undead_a
D:7:      layout_layer_cave, nicolae_ru_the_path_less_chosen,
          mainiacjoe_overflow_alcove_4, fiery_altar_vehumet,
          minmay_temple_entry_offerings, serial_demonic, serial_demonic_e,
          serial_demonic_d, serial_demonic_g, serial_demonic_d,
          serial_demonic_c, serial_demonic_e, enter_bailey_3, grunt_potential,
          uniq_prince_ribbit1, uniq_duvessa, uniq_maggie
D:8:      layout_gridville, dreamdust_mushroom_princess, grunt_ministairs_2,
          minmay_between
D:9:      layout_grid_maze, kennysheep_mini, erik_lair_island

Skill      XL: |  1  2  3  4  5  6  7  8 |
---------------+-------------------------+-----
Spellcasting   | 1 2 3 4 5 8 |  8.9
Ranged Weapons | 1 3 4 5 |  5.0
Evocations     | 2 3 |  3.0
Fighting       | |  3.4
Maces & Flails | |  2.1
Dodging        | |  1.9
Stealth        | |  6.1

Action                     |  1- 3 |  4- 6 |  7- 9 || total
---------------------------+-------+-------+-------++-------
  Melee: Mace              |     5 |       |       ||     5
         Short sword       |    33 |    32 |   329 ||   394
         Punch             |       |       |     3 ||     3
   Fire: Shortbow          |    34 |    60 |    62 ||   156
         Orcbow            |       |       |    38 ||    38
  Throw: Dart              |       |       |    10 ||    10
Ability: Dig               |     1 |       |     4 ||     5
         Shaft Self        |       |     1 |     3 ||     4
  Evoke: Wand              |       |     1 |     7 ||     8
    Use: Scroll            |       |     1 |     4 ||     5
         Potion            |       |       |     1 ||     1
   Stab: Sleeping          |     6 |       |       ||     6
         Paralysed         |       |     3 |     1 ||     4
 Armour: Leather armour    |    42 |     4 |       ||    46
         Scale mail        |       |    27 |   324 ||   351
  Dodge: Dodged            |    38 |    22 |   207 ||   267

Table legend: (Time is in decaauts)
 A = Elapsed time spent in this place.
 B = Non-inter-level travel time spent in this place.
 C = Inter-level travel time spent in this place.
 D = Time resting spent in this place.
 E = Time spent auto-exploring this place.
 F = Levels seen in this place.
 G = Mean time per level.
                   A        B        C        D        E       F      G
               +--------+--------+--------+--------+--------+-----+--------+
         Total |   6084 |   5753 |    331 |   1502 |   2599 |   9 |  676.0 |
       Dungeon |   6084 |   5753 |    331 |   1502 |   2599 |   9 |  676.0 |
               +--------+--------+--------+--------+--------+-----+--------+

Top non-repeatable levels by time:
     D:4: 1378 daAuts
     D:6: 1177 daAuts
     D:2: 908 daAuts
     D:1: 808 daAuts
     D:5: 671 daAuts
     D:3: 606 daAuts
     D:7: 296 daAuts
     D:8: 228 daAuts
     D:9: 8 daAuts
